Map: 黄金之柱-天梯版

Players

Soularium

  • Race: Terran Terran

wanted - Winner!

  • Race: Zerg Zerg

Event: DreamHack SC2 Masters 2020 Winter

VOD

Have the link to the VOD?

Description

Time

  • Played on: Oct. 18, 2020, 9:42 a.m.
  • Length: 15:47

All games in this series

Show
View Real Time Build Order
Export as new Build Order

Soularium Terran 

Build Orders: Reaper Expand 

Get SALT Encoding   

  12  0:00  SCV  
  13  0:12  SCV  
  14  0:18  Supply Depot  
  14  0:24  SCV  
  15  0:39  SCV  
  15  0:40  Barracks  
  16  0:45  Refinery  
  16  0:51  SCV  
  17  1:03  SCV  
  18  1:15  SCV  
  19  1:28  Reaper, Orbital Command  
  20  1:43  Command Center  
  20  1:54  SCV, Supply Depot  
  20  1:59  Marine  
  22  2:06  SCV  
  23  2:11  Factory  
  23  2:18  SCV  
  23  2:21  Barracks Reactor  
  24  2:31  SCV  
  25  2:45  Command Center  
  25  2:46  SCV  
  26  2:55  Barracks  
  26  3:01  Orbital Command  
  26  3:04  SCV  
  27  3:15  Barracks Tech Lab  
  27  3:16  SCV  
  27  3:18  Hellion x2  
  32  3:28  SCV x2, Refinery  
  32  3:33  Stimpack  
  34  3:40  SCV x2  
  36  3:44  Hellion x2  
  36  3:45  Barracks Reactor  
  40  3:52  Marine  
  40  3:53  SCV x2  
  43  4:00  Orbital Command  
  43  4:05  SCV x2  
  43  4:08  Starport  
  45  4:12  Hellion  
  45  4:14  Hellion  
  50  4:17  SCV x2  
  50  4:18  Marine  
  50  4:21  Marine x2  
  54  4:26  SCV  
  54  4:27  Supply Depot  
  54  4:29  SCV  
  54  4:30  SCV  
  57  4:36  Marine  
  58  4:39  SCV, Supply Depot, Marine  
  58  4:40  Refinery  
  58  4:44  SCV  
  61  4:49  SCV  
  61  4:50  Medivac, Factory Reactor  
  61  4:51  SCV  
  61  4:52  Supply Depot  
  65  4:55  Medivac  
  65  4:59  Marine x2  
  69  5:01  Marine  
  69  5:04  Armory, SCV  
  69  5:06  Supply Depot  
  71  5:09  SCV  
  71  5:10  Supply Depot  
  73  5:16  Orbital Command  
  73  5:17  Marine x2  
  73  5:18  Marine  
  75  5:24  Engineering Bay  
  75  5:27  Combat Shield  
  75  5:28  Engineering Bay  
  75  5:30  Widow Mine x2  
  75  5:34  Marine  
  75  5:35  SCV x2, Marine  
  83  5:36  Marine  
  83  5:37  Refinery  
  84  5:46  SCV  
  84  5:47  SCV x2, Barracks  
  87  5:52  Marine  
  87  5:53  Marine  
  87  5:54  Terran Infantry Weapons Level 1, Terran Infantry Armor Level 1  
  89  5:58  SCV, Marine  
  89  5:59  SCV  
  89  6:00  Medivac  
  94  6:10  Marine x2  
  96  6:14  Widow Mine  
  96  6:15  Widow Mine  
  96  6:16  Medivac, Marine  
  91  6:28  Marine x2  
  91  6:30  Medivac  
  86  6:33  Marine  
  86  6:39  SCV x2  
  81  6:41  Command Center  
  81  6:45  SCV  
  81  6:46  Medivac, Marine x2  
  82  6:51  SCV, Marine  
  82  6:53  Barracks  
  84  6:54  Barracks  
  84  6:55  Barracks Reactor, Concussive Shells, Widow Mine  
  84  6:56  Barracks  
  84  6:57  SCV, Widow Mine  
  84  7:01  SCV  
  88  7:04  Marine x2  
  88  7:06  SCV  
  89  7:09  SCV, Marine  
  89  7:13  SCV  
  89  7:15  Barracks  
  92  7:16  Medivac x2, Barracks  
  92  7:18  SCV  
  92  7:22  Widow Mine x2  
  101  7:29  Supply Depot x3  
  101  7:30  Supply Depot  
  101  7:42  Refinery x2, Factory, Barracks Tech Lab x2  
  101  7:43  Marine x4  
  101  7:44  Widow Mine x2  
  109  7:49  SCV x2  
  109  7:50  SCV  
  108  8:01  SCV x2, Marine x3  
  108  8:02  Barracks Reactor  
  108  8:04  Marauder x2  
  117  8:06  SCV  
  117  8:12  Barracks Reactor  
  118  8:13  Barracks Reactor, SCV  
  118  8:18  Marine x2  
  118  8:19  Marauder, Marine  
  124  8:21  Marine  
  124  8:22  Widow Mine x2  
  124  8:24  SCV  
  124  8:25  SCV, Marine  
  124  8:26  Marauder  
  137  8:34  SCV, Supply Depot  
  137  8:35  Supply Depot  
  137  8:36  Marine x2  
  137  8:37  Marine  
  137  8:39  Marine  
  137  8:40  Planetary Fortress  
  137  8:41  Marauder  
  143  8:43  Refinery  
  143  8:44  Marauder, Factory Tech Lab  
  143  8:46  SCV x2, Refinery, Marine  
  148  8:49  Marine, Terran Infantry Weapons Level 2  
  148  8:50  Marine x5  
  148  8:54  Marine x3  
  155  8:57  Marine  
  155  9:02  Marine  
  155  9:04  Marine x2  
  155  9:07  SCV, Marine x2  
  155  9:08  Marine  
  155  9:09  SCV  
  162  9:15  Terran Infantry Armor Level 2  
  162  9:16  Marine x2  
  152  9:18  Marine  
  152  9:20  Marauder  
  152  9:22  SCV x3  
  152  9:23  Marauder  
  158  9:25  Marauder, Marine  
  158  9:26  Marine  
  158  9:28  Marine  
  158  9:31  Widow Mine x2  
  159  9:33  Liberator  
  159  9:38  Marine  
  163  9:40  SCV x2  
  163  9:41  SCV x2, Marauder  
  169  9:45  Terran Vehicle And Ship Armor Level 1  
  167  9:53  SCV x2, Factory Tech Lab  
  167  9:57  Marauder, Marine  
  167  9:59  Marine  
  171  10:00  Marauder  
  171  10:04  SCV  
  171  10:06  SCV x2  
  171  10:07  SCV  
  165  10:09  Marine  
  166  10:15  Command Center  
  166  10:16  SCV, Marine  
  166  10:18  SCV  
  166  10:19  SCV  
  170  10:22  Widow Mine  
  172  10:29  Marine x3  
  172  10:30  Marauder x3, Widow Mine  
  172  10:31  Marine  
  180  10:40  Marine x2  
  180  10:42  Medivac x2  
  181  10:43  Marine  
  181  10:46  SCV  
  183  10:50  Marine  
  183  10:51  Marauder x2  
  183  10:57  Command Center  
  188  10:58  Sensor Tower x2  
  188  11:02  Marine x2  
  188  11:05  Marauder, Widow Mine x2  
  188  11:08  Marine x2  
  188  11:09  Marine  
  187  11:18  SCV, Supply Depot  
  187  11:23  Marauder  
  187  11:26  Medivac, Marauder x2  
  187  11:27  Marine  
  187  11:29  Marine x2  
  196  11:39  Marine  
  190  11:40  Marine x2  
  190  11:41  Marine  
  190  11:42  Widow Mine x2  
  190  11:44  Marauder  
  200  12:01  Terran Infantry Weapons Level 3, Ghost Academy, Terran Infantry Armor Level 3  
  149  12:15  Marine  
  149  12:16  Marauder, Marine  
  149  12:17  Marine x2  
  149  12:22  Refinery  
  143  12:23  Command Center  
  143  12:29  Marauder, Marine  
  117  12:34  Marine x7  
  117  12:35  Marine x2  
  117  12:36  SCV x2  
  117  12:37  Marine  
  127  12:42  SCV  
  129  12:47  Marine, Liberator  
  129  12:48  Liberator  
  129  12:50  Planetary Fortress  
  129  12:51  Marauder  
  138  12:52  Marine x2  
  138  12:53  Marauder  
  142  12:58  Planetary Fortress  
  142  12:59  SCV  
  142  13:02  Marine  
  142  13:03  Marauder  
  146  13:06  SCV  
  146  13:10  Marine  
  146  13:12  Marauder  
  150  13:15  Widow Mine x2  
  150  13:16  Marine  
  155  13:25  Marine  
  155  13:26  Marine  
  159  13:27  Marine  
  159  13:28  SCV  
  159  13:30  Medivac  
  159  13:31  Marine  
  159  13:32  Widow Mine  
  161  13:35  Medivac  
  161  13:36  Widow Mine  
  161  13:40  Ghost  
  152  13:42  SCV x3  
  152  13:43  SCV  
  152  13:47  Command Center  
  156  13:50  Marauder, Marine  
  156  13:51  Marine  
  148  13:58  Drilling Claws  
  148  13:59  Marauder  
  148  14:00  Medivac, Marine x2  
  148  14:01  Marine  
  129  14:05  Marine  
  129  14:06  Medivac  
  129  14:09  Marauder, Marine  
  135  14:10  Marine  
  135  14:12  Marauder  
  135  14:14  Marine  
  138  14:20  Marine  
  138  14:24  Widow Mine x2  
  135  14:27  SCV, Marine  
  135  14:28  SCV  
  135  14:30  Medivac  
  138  14:36  Widow Mine  
  139  14:38  Marine  
  139  14:40  Medivac  
  139  14:44  Marauder, Marine  
  139  14:45  Widow Mine  
  131  14:53  Widow Mine  
  131  14:55  Marine  
  131  14:58  Widow Mine  
  120  15:00  Medivac  
  120  15:01  Marine x3  
  120  15:02  Marine x2  
  120  15:05  Marauder  
  120  15:06  Widow Mine  
  131  15:12  Marine  
  132  15:25  Supply Depot x2  
  132  15:28  Refinery  
Show
View Real Time Build Order
Export as new Build Order

wanted Zerg - Winner!

Build Orders: Hatch First 

Get SALT Encoding   

  12  0:00  Drone  
  13  0:09  Drone  
  14  0:18  Overlord  
  14  0:24  Drone, Extractor  
  15  0:37  Drone  
  16  0:50  Hatchery  
  16  0:53  Drone  
  16  0:56  Drone  
  17  1:00  Drone  
  18  1:09  Extractor  
  17  1:16  Spawning Pool  
  16  1:18  Drone  
  16  1:22  Drone  
  18  1:27  Drone  
  19  1:39  Drone  
  20  1:50  Hatchery  
  19  2:02  Queen  
  19  2:07  Zergling x4  
  23  2:10  Zergling x2  
  24  2:19  Queen  
  26  2:26  Overlord  
  26  2:33  Drone x2  
  28  2:45  Metabolic Boost  
  28  2:46  Drone x2  
  28  2:49  Drone x2  
  32  2:59  Drone x3  
  35  3:06  Queen  
  35  3:12  Queen  
  39  3:20  Overlord  
  39  3:21  Overlord  
  39  3:25  Drone x2  
  41  3:28  Drone  
  42  3:44  Drone x3  
  42  3:45  Drone x6  
  51  3:50  Queen  
  53  3:56  Overlord  
  53  3:57  Overlord  
  53  4:02  Overlord  
  53  4:08  Evolution Chamber  
  52  4:10  Evolution Chamber  
  52  4:12  Drone  
  52  4:13  Drone x3  
  55  4:21  Queen  
  55  4:22  Overlord  
  55  4:23  Zergling x2  
  58  4:24  Zergling x4  
  58  4:28  Zergling x4  
  62  4:34  Overlord  
  62  4:35  Drone x3  
  65  4:38  Extractor  
  65  4:41  Zerg Ground Armor Level 1  
  65  4:45  Drone x3  
  67  4:48  Zerg Melee Weapons Level 1  
  67  4:51  Drone x2  
  69  4:55  Spore Crawler  
  69  5:02  Drone x7  
  69  5:06  Drone x3  
  79  5:10  Overlord  
  79  5:11  Zergling x2  
  79  5:12  Zergling x2  
  79  5:13  Zergling x2  
  82  5:17  Extractor  
  82  5:18  Drone x2  
  82  5:19  Extractor  
  82  5:20  Lair  
  82  5:24  Baneling Nest  
  81  5:29  Zergling x6, Drone x2  
  81  5:30  Zergling x2  
  87  5:36  Overlord x2  
  87  5:42  Drone x2  
  89  5:47  Zergling x6  
  92  5:50  Spore Crawler, Drone  
  92  5:52  Hatchery  
  91  5:58  Zergling x10  
  95  6:09  Zergling x10  
  95  6:10  Baneling x9  
  90  6:15  Drone x4  
  85  6:24  Overseer  
  74  6:27  Overlord  
  74  6:32  Drone x6  
  68  6:37  Drone x2  
  68  6:39  Centrifical Hooks  
  66  6:41  Overseer  
  66  6:44  Drone  
  67  6:51  Hatchery  
  66  6:54  Zergling x6  
  69  7:01  Zerg Melee Weapons Level 2  
  69  7:04  Drone x4  
  69  7:08  Zergling x2  
  74  7:09  Queen x2  
  74  7:15  Baneling x8  
  78  7:16  Zergling x4  
  81  7:22  Zergling x2  
  81  7:23  Zergling x10  
  81  7:29  Drone x3  
  89  7:32  Zergling x6  
  92  7:38  Zerg Ground Armor Level 2  
  92  7:43  Zergling x8  
  92  7:44  Spore Crawler  
  95  7:52  Zergling x10  
  95  7:55  Overlord  
  100  8:01  Infestation Pit, Drone x4  
  100  8:04  Drone x2  
  105  8:08  Pneumatized Carapace, Overseer  
  105  8:10  Baneling x3  
  105  8:11  Baneling  
  105  8:18  Overlord  
  105  8:19  Drone x6  
  110  8:21  Drone x2  
  112  8:29  Zergling x2  
  112  8:30  Zergling x14  
  112  8:34  Baneling x8  
  120  8:43  Drone x9  
  120  8:48  Hive  
  128  8:53  Zergling x12  
  134  9:02  Overlord x5  
  130  9:10  Zergling x18  
  130  9:15  Zergling x12  
  140  9:25  Overlord  
  140  9:26  Zergling x20  
  140  9:30  Baneling x9  
  146  9:35  Hatchery, Extractor  
  144  9:39  Infestor x2  
  148  9:46  Zergling x8  
  148  9:47  Zergling x10  
  148  9:52  Zergling x14  
  159  9:55  Baneling x6  
  156  10:01  Zergling x14  
  160  10:09  Drone x2  
  160  10:13  Adrenal Glands  
  162  10:16  Zergling x22  
  162  10:20  Spore Crawler, Extractor  
  170  10:22  Drone x4  
  174  10:31  Zerg Ground Armor Level 3  
  163  10:37  Zergling x18  
  163  10:38  Baneling x2  
  171  10:48  Drone  
  171  10:49  Spore Crawler  
  171  10:50  Drone x3, Extractor x2  
  171  10:51  Spine Crawler, Drone x2  
  171  10:52  Baneling x5  
  171  10:54  Spore Crawler  
  171  11:00  Zergling x18  
  180  11:04  Zergling x8  
  176  11:12  Zergling x16  
  176  11:18  Overseer  
  182  11:20  Extractor  
  182  11:21  Ultralisk Cavern, Baneling  
  182  11:22  Baneling x8  
  182  11:23  Drone  
  179  11:29  Drone x6  
  183  11:37  Viper  
  184  11:40  Zergling x18  
  184  11:45  Zerg Melee Weapons Level 3  
  189  12:02  Zergling x20  
  199  12:13  Zergling x24  
  184  12:20  Hatchery  
  184  12:22  Zergling x2, Ultralisk x2  
  182  12:29  Zergling x16  
  169  12:37  Chitinous Plating  
  169  12:39  Baneling  
  169  12:40  Baneling x11  
  169  12:44  Drone x2  
  169  12:45  Zergling x8  
  169  12:48  Overseer  
  169  12:50  Baneling x12  
  172  12:59  Baneling x11  
  172  13:08  Spine Crawler  
  172  13:10  Ultralisk  
  172  13:11  Zergling x18  
  186  13:23  Zergling x20  
  190  13:40  Zergling x2  
  190  13:41  Zergling x16  
  199  13:44  Pathogen Glands  
  199  13:46  Spire  
  172  13:56  Anabolic Synthesis  
  172  13:57  Zergling x10, Ultralisk x3  
  172  14:02  Baneling x7  
  180  14:04  Zergling x8  
  182  14:13  Baneling x9  
  182  14:14  Zergling x2  
  182  14:15  Zergling x12  
  187  14:20  Zergling x14  
  188  14:28  Drone x4  
  190  14:34  Zergling x10  
  185  14:45  Zergling x16  
  185  14:46  Zergling x6  
  185  14:51  Zergling x10  
  187  15:04  Zergling x10  
  183  15:11  Baneling x14  
  183  15:12  Baneling x17  
  181  15:17  Overseer  
  174  15:21  Zergling x20  
  174  15:22  Zergling x2  
  174  15:27  Overseer  
  184  15:30  Zergling x4  
Tags
 
Add a new tag
Caveats
  • Supply blocks, unpowered buildings, or Contaminate may cause inaccurate times.
  • Supply counts are checked every 10 seconds.